 Dungeon Crawl Stone Soup version 0.28.0-56-g4927b6849a (webtiles) character file.

Game seed: 13972366437999068257

259 cbfl8 the Chopper (level 5, 0/41 HPs)
             Began as a Demonspawn Gladiator on Feb 2, 2023.
             Was a Follower of Dithmenos.
             Succumbed to a scorpion's poison
             ... on level 5 of the Dungeon.
             The game lasted 00:02:21 (3872 turns).

cbfl8 the Chopper (Demonspawn Gladiator)            Turns: 3872, Time: 00:02:22

Health: 0/41       AC:  9    Str: 16    XL:     5   Next: 95%
Magic:  5/5        EV:  7    Int:  9    God:    Dithmenos [*.....]
Gold:   140        SH:  4    Dex: 15    Spells: 4/4 levels left

rFire   . . .      SeeInvis .   a - +0 war axe
rCold   + . .      Faith    .   (no shield)
rNeg    . . .      Spirit   .   m - +0 chain mail
rPois   .          Reflect  .   c - +0 helmet
rElec   .          Harm     .   (no cloak)
rCorr   .          Rampage  .   (no gloves)
Will    .....                   (no boots)
Stlth   ..........              (no amulet)
HPRegen 0.13/turn               f - ring of protection from cold
MPRegen 0.09/turn               (no ring)

@: lethally poisoned (0 -> -5), wreathed by umbra
A: hooves 1, demonic guardian 1, condensation shield
a: Renounce Religion


You were on level 5 of the Dungeon.
You worshipped Dithmenos.
Dithmenos was aware of your devotion.
You visited 1 branch of the dungeon, and saw 4 of its levels.

You collected 140 gold pieces.

Inventory:

Hand Weapons
 a - a +0 war axe (weapon)
Missiles
 d - 3 throwing nets (quivered)
Armour
 c - a +0 helmet (worn)
 m - a +0 chain mail (worn)
Jewellery
 f - a ring of protection from cold (left hand)
Wands
 o - a wand of iceblast (12)
 p - a wand of mindburst (13)
Scrolls
 h - 2 scrolls of identify {unknown}
 k - 2 scrolls of magic mapping {unknown}
 l - 3 scrolls of teleportation {unknown}
 n - a scroll of enchant armour {unknown}
Potions
 b - 2 potions of flight {unknown}
 e - a potion of degeneration {unknown}
 g - a potion of brilliance {unknown}
 i - a potion of attraction {unknown}
 j - a potion of heal wounds {unknown}


   Skills:
 * Level 3.1 Fighting
 + Level 4.3 Axes
 - Level 1.7 Throwing
 + Level 1.7 Armour
 + Level 3.2 Dodging
 + Level 0.5 Stealth
 + Level 0.1 Shields
 * Level 1.8 Evocations


You had 4 spell levels left.
You didn't know any spells.
Your spell library contained the following spells:

 Spells                   Type           Power      Damage    Failure   Level
 Magic Dart               Conj           0%         1d3       100%        1
 Searing Ray              Conj           0%         2d4       100%        2
 Fulminant Prism          Conj/Hex       0%         3d6       100%        4
 Summon Forest            Summ/Tloc      0%         N/A       100%        5
 Eringya's Noxious Bog    Tmut/Pois      0%         N/A       100%        6
 Summon Hydra             Summ           0%         N/A       100%        7


Dungeon Overview and Level Annotations

Branches:
Dungeon (3/15)

Altars:
Dithmenos


Innate Abilities, Weirdness & Mutations

You have large cloven feet.
A weak demonic guardian rushes to your aid.
A meltable shield of frost defends you. (SH +4)


Message History

You hit the scorpion but do no damage.
You kick the scorpion, but do no damage.
The scorpion is almost dead.
You feel sick. The scorpion stings you.
The scorpion stings you but does no damage.
A scorpion is nearby!
You barely miss the scorpion. Your kick misses the scorpion.
The scorpion is almost dead.
You feel sick. The scorpion stings you!
A scorpion is nearby!
You closely miss the scorpion.
The scorpion is almost dead.
You feel sick. The scorpion stings you.
You are lethally poisoned!
The scorpion poisons you! The scorpion stings you.
There is a lethal amount of poison in your body!
You are too injured to fight recklessly!
There is a lethal amount of poison in your body!
You are too injured to fight recklessly!
You completely miss the scorpion.
The scorpion is almost dead.
* * * LOW HITPOINT WARNING * * *
You feel very sick.
The scorpion stings you but does no damage. x2
You barely miss the scorpion.
The scorpion is almost dead.
* * * LOW HITPOINT WARNING * * *
You feel very sick.
The scorpion stings you but does no damage.
You barely miss the scorpion. You kick the scorpion.
The scorpion is almost dead.
* * * LOW HITPOINT WARNING * * *
You feel very sick. The scorpion barely misses you. The scorpion stings you.
* * * LOW HITPOINT WARNING * * *
A demonic guardian appears!
* * * LOW HITPOINT WARNING * * *
You feel sick.
You swap places.
You die...

##.## #.# . ### #.#
.. ..# ##'## ...
#.# ##...## ....
#.###.....## .....
#s##.......##
......#5#........)#
.......@'(........+
........#.........#
##..######.......##
#. ##.....## #
##...## ##+##


You could see a scorpion (ally target) and a friendly iron imp (summoned).

Vanquished Creatures
  A centaur (D:5)
  A bullfrog zombie (D:5)
  Ijyb (D:5)
  An iguana (D:2)
  An adder (D:2)
  A worm (D:3)
  3 dart slugs (D:1)
  6 endoplasms
  5 goblins
  4 hobgoblins
  6 jackals
  6 kobolds
  2 quokkas
  4 ball pythons
  2 bats (D:1)
  4 frilled lizards
  6 rats
54 creatures vanquished.

Vanquished Creatures (collateral kills)
  Jessica (D:2)
1 creature vanquished.

Grand Total: 55 creatures vanquished

Notes
Turn   | Place    | Note
-------+----------+-------------------------------------------
     0 | D:1      | cbfl8 the Demonspawn Gladiator began the quest for the Orb.
     0 | D:1      | Reached XP level 1. HP: 16/16 MP: 1/1
    35 | D:1      | Reached skill level 3 in Axes
    35 | D:1      | Gained mutation: A weak demonic guardian rushes to your
                  | aid. [demonic ancestry]
    35 | D:1      | Reached XP level 2. HP: 6/22 MP: 2/2
  1178 | D:1      | Found a faded altar of an unknown god.
  1187 | D:1      | Reached XP level 3. HP: 14/27 MP: 3/3
  1537 | D:1      | Prayed at the altar of an unknown god.
  1537 | D:1      | Became a worshipper of Dithmenos the Shadowed
  1537 | D:1      | Reached * piety under Dithmenos
  2451 | D:2      | Reached skill level 1 in Armour
  2558 | D:2      | Noticed Jessica
  2564 | D:2      | Killed Jessica
  2565 | D:2      | Gained mutation: A meltable shield of frost defends you.
                  | (SH +4) [demonic ancestry]
  2565 | D:2      | Reached XP level 4. HP: 21/34 MP: 4/4
  2768 | D:2      | Reached skill level 1 in Evocations
  3437 | D:3      | You fall into a shaft and drop 2 floors!
  3437 | D:5      | Entered Level 5 of the Dungeon
  3507 | D:5      | Gained mutation: You have large cloven feet. [demonic
                  | ancestry]
  3507 | D:5      | Reached XP level 5. HP: 40/40 MP: 5/5
  3594 | D:5      | Noticed Ijyb
  3609 | D:5      | Killed Ijyb
  3610 | D:5      | Reached skill level 4 in Axes
  3722 | D:5      | Noticed a centaur
  3730 | D:5      | Killed a centaur
  3870 | D:5      | HP: 2/41 [scorpion (2)]
  3872 | D:5      | Succumbed to a scorpion's poison

Illustrated notes

Levels and vault maps discovered:
D:1:      scummos_arrival_simple_fountains, layout_loops_ring,
          ebering_ecumenical_altar_abandoned
D:2:      layout_loops_ring, uniq_jessica
D:3:      layout_basic, marbit_many_paths, uniq_sigmund
D:5:      layout_loops_corners, nicolae_figureground_pulse, uniq_ijyb

Skill      XL: |  1  2  3  4  5 |
---------------+----------------+-----
Axes           | 3 4 |  4.3
Dodging        | 3 |  3.2
Armour         | 1 |  1.7
Evocations     | 1 |  1.8
Fighting       | 3 |  3.1
Throwing       | |  1.7
Stealth        | |  0.5
Shields        | |  0.1

Action                   |  1- 3 |  4- 6 || total
-------------------------+-------+-------++-------
Melee: War axe           |   116 |    85 ||   201
       Punch             |     1 |       ||     1
       Kick              |       |    13 ||    13
 Stab: Sleeping          |     1 |       ||     1
Armor: Leather armour    |    13 |       ||    13
       Ring mail         |    17 |     7 ||    24
       Chain mail        |       |    35 ||    35
Dodge: Dodged            |    90 |    46 ||   136
Block: Other             |       |    11 ||    11
